Map: Ruins of Seras

Players

Skizzle

  • Race: Protoss Protoss
  • League: Diamond

Prestocracy - Winner!

  • Race: Zerg Zerg
  • League: Diamond

VOD

Have the link to the VOD?

Description

I love you Mcanning

Time

  • Played on: Jan. 25, 2016, 7:08 p.m.
  • Length: 23:01
Show
View Real Time Build Order
Export as new Build Order

Skizzle Protoss 

Build Orders:  

Get SALT Encoding   

  12  0:00  Probe (Chrono Boost)  
  13  0:11  Probe (Chrono Boost)  
  14  0:21  Pylon  
  14  0:27  Probe (Chrono Boost)  
  15  0:40  Probe (Chrono Boost)  
  16  0:50  Probe (Chrono Boost)  
  17  1:08  Nexus  
  17  1:17  Gateway, Probe (Chrono Boost)  
  18  1:24  Assimilator  
  18  1:28  Probe (Chrono Boost)  
  19  1:38  Probe (Chrono Boost)  
  20  1:47  Assimilator  
  20  1:51  Probe (Chrono Boost)  
  20  1:52  Gateway  
  21  2:04  Cybernetics Core  
  21  2:15  Probe (Chrono Boost)  
  22  2:23  Probe (Chrono Boost)  
  22  2:29  Pylon  
  23  2:32  Pylon  
  23  2:41  Adept x2 (Chrono Boost)  
  23  2:43  Warp Gate  
  27  2:46  Mothership Core (Chrono Boost)  
  29  2:52  Probe (Chrono Boost)  
  30  3:03  Probe  
  31  3:07  Adept (Chrono Boost)  
  31  3:08  Adept (Chrono Boost)  
  31  3:11  Probe  
  36  3:16  Pylon  
  36  3:22  Probe  
  37  3:29  Stargate  
  37  3:33  Probe  
  38  3:35  Probe  
  39  3:45  Probe  
  39  3:47  Gateway, Probe  
  41  3:57  Probe  
  43  4:02  Probe  
  43  4:04  Robotics Facility  
  43  4:20  Probe  
  43  4:22  Assimilator  
  44  4:27  Assimilator  
  44  4:28  Gateway  
  44  4:30  Forge  
  38  4:36  Probe (Chrono Boost)  
  37  4:39  Void Ray  
  41  4:52  Gateway  
  41  4:54  Pylon  
  41  4:57  Adept  
  41  4:58  Sentry  
  41  4:59  Probe (Chrono Boost)  
  47  5:00  Probe (Chrono Boost)  
  47  5:07  Stargate  
  47  5:12  Probe x2 (Chrono Boost)  
  49  5:22  Probe x2 (Chrono Boost)  
  49  5:25  Protoss Ground Weapons Level 1  
  51  5:30  Phoenix  
  53  5:40  Probe x2 (Chrono Boost)  
  54  5:50  Probe x2 (Chrono Boost)  
  54  5:52  Immortal  
  54  5:55  Phoenix  
  62  6:07  Nexus  
  62  6:10  Pylon  
  62  6:12  Sentry x2, Pylon  
  62  6:16  Sentry  
  68  6:27  Probe x2 (Chrono Boost)  
  68  6:31  Pylon  
  70  6:34  Pylon  
  70  6:39  Twilight Council, Phoenix  
  72  6:44  Pylon  
  72  6:49  Probe (Chrono Boost)  
  73  6:54  Phoenix  
  73  6:58  Stalker  
  77  7:03  Probe (Chrono Boost)  
  77  7:04  Phoenix  
  77  7:07  Probe (Chrono Boost)  
  81  7:19  Phoenix  
  83  7:26  Probe x3 (Chrono Boost)  
  83  7:27  Zealot x2  
  83  7:28  Phoenix  
  92  7:36  Probe x2 (Chrono Boost)  
  94  7:43  Probe (Chrono Boost)  
  95  7:44  Phoenix  
  95  7:47  Probe (Chrono Boost)  
  95  7:48  Assimilator  
  95  7:50  Assimilator  
  98  7:51  Probe (Chrono Boost)  
  98  7:53  Phoenix  
  98  7:54  Probe (Chrono Boost)  
  102  8:08  Fleet Beacon  
  102  8:09  Protoss Air Weapons Level 1  
  102  8:12  Zealot x3  
  106  8:13  Zealot  
  106  8:17  Probe x2 (Chrono Boost)  
  112  8:21  Pylon  
  112  8:23  Pylon  
  112  8:25  Photon Cannon  
  112  8:29  Phoenix  
  114  8:35  Templar Archives  
  114  8:38  Protoss Ground Weapons Level 2 (Chrono Boost)  
  114  8:44  Charge  
  114  8:46  Zealot  
  116  8:54  Phoenix  
  118  8:57  Probe x2 (Chrono Boost)  
  118  8:58  Probe (Chrono Boost)  
  121  9:05  Phoenix  
  121  9:07  Probe (Chrono Boost)  
  121  9:08  Anion Pulse-Crystals (Chrono Boost)  
  121  9:09  Probe x2 (Chrono Boost)  
  124  9:12  Pylon  
  124  9:15  Pylon  
  125  9:23  Phoenix  
  127  9:25  Zealot x3  
  127  9:30  Phoenix  
  135  9:44  Probe  
  136  9:46  Psionic Storm  
  136  9:47  Robotics Facility  
  136  9:49  Robotics Facility  
  136  9:58  Zealot x4  
  144  10:11  Gateway  
  144  10:12  Gateway  
  144  10:13  Probe, Pylon, High Templar  
  147  10:17  Gateway  
  147  10:18  High Templar  
  147  10:19  High Templar x2  
  147  10:20  Gateway, Zealot  
  155  10:22  Probe  
  155  10:23  Archon x2  
  156  10:39  Probe x2  
  156  10:41  Probe  
  159  10:43  Nexus  
  159  10:45  Assimilator  
  159  10:49  Assimilator  
  157  10:51  Resonating Glaives  
  157  10:52  Pylon  
  157  10:53  Adept x3  
  157  10:54  Adept  
  165  11:19  Photon Cannon  
  165  11:21  High Templar x2  
  165  11:22  High Templar x2  
  172  11:29  Pylon  
  172  11:30  Pylon x2  
  172  11:31  Pylon  
  172  11:32  Protoss Ground Weapons Level 3 (Chrono Boost)  
  172  11:34  Archon  
  172  11:35  Archon  
  172  11:40  Forge  
  172  11:45  Forge  
  172  11:53  High Templar x3  
  178  12:06  Nexus  
  178  12:09  Pylon  
  178  12:11  Pylon  
  178  12:13  Pylon  
  178  12:21  Nexus  
  178  12:25  Pylon  
  178  12:29  Pylon  
  178  12:34  Pylon  
  164  12:39  Nexus  
  164  12:44  Tempest x2, Pylon  
  168  12:47  High Templar x3  
  168  12:48  Pylon  
  178  12:57  Photon Cannon  
  178  12:59  Photon Cannon x2  
  178  13:01  Photon Cannon  
  178  13:12  Protoss Shields Level 1 (Chrono Boost), Protoss Ground Armor Level 1 (Chrono Boost)  
  178  13:13  Pylon  
  178  13:14  Pylon  
  177  13:36  Tempest x2  
  185  13:51  Photon Cannon  
  185  13:52  Protoss Air Weapons Level 2  
  185  13:53  Photon Cannon  
  185  13:58  Photon Cannon  
  185  14:01  Photon Cannon  
  191  14:04  Photon Cannon  
  191  14:10  Warp Prism  
  191  14:11  Warp Prism  
  187  14:18  Observer  
  187  14:19  Tempest  
  187  14:20  Colossus  
  187  14:21  Colossus x5  
  188  14:34  Tempest  
  192  14:40  Observer  
  193  14:46  Observer  
  193  14:47  Observer  
  195  15:01  Observer  
  195  15:02  Nexus, Tempest  
  196  15:20  Zealot  
  196  15:21  Zealot x4  
  183  15:34  Zealot x4  
  150  15:46  Tempest x2  
  150  15:47  Immortal  
  150  15:48  Immortal  
  160  15:54  Assimilator  
  160  15:58  Assimilator  
  156  16:27  Nexus, Pylon  
  156  16:30  Pylon  
  156  16:36  Dark Shrine  
  152  16:44  High Templar x4  
  152  16:45  High Templar x3  
  166  16:48  Zealot x2  
  170  16:57  Archon x3  
  166  17:09  Photon Cannon  
  166  17:11  Photon Cannon  
  166  17:13  Photon Cannon  
  166  17:18  Zealot  
  166  17:19  Zealot x2  
  166  17:20  Zealot  
  140  17:42  High Templar x4  
  140  17:43  High Templar  
  150  17:53  Colossus  
  150  17:54  Archon x2  
  150  18:06  Zealot  
  150  18:07  Zealot x2  
  154  18:21  Dark Templar  
  154  18:23  Zealot  
  149  18:46  Archon  
  144  19:07  Zealot x4  
  144  19:08  Zealot x5  
  109  19:28  Dark Templar  
  109  19:29  Dark Templar x2  
  109  19:42  Zealot x2  
  94  20:11  Stalker x3  
  94  20:12  Stalker x2  
  77  20:43  Observer x2  
  78  21:04  Zealot x3  
  32  22:10  Zealot  
  29  22:47  Zealot x2  
Show
View Real Time Build Order
Export as new Build Order

Prestocracy Zerg - Winner!

Build Orders: 3 Hatch before Pool, Lurkers 

Get SALT Encoding   

  12  0:01  Drone  
  13  0:10  Drone  
  14  0:19  Overlord  
  14  0:24  Drone, Extractor  
  15  0:37  Drone x2  
  17  0:55  Hatchery  
  16  0:57  Drone  
  17  1:20  Hatchery  
  17  1:24  Drone  
  17  1:37  Spawning Pool  
  17  1:39  Drone  
  17  1:43  Drone  
  18  1:51  Drone  
  19  1:55  Drone  
  20  2:01  Drone  
  21  2:11  Drone  
  21  2:15  Drone  
  23  2:18  Overlord  
  23  2:22  Drone  
  24  2:24  Queen  
  24  2:26  Queen  
  28  2:34  Queen  
  30  2:37  Zergling x2  
  30  2:39  Drone  
  30  2:42  Drone  
  33  2:44  Drone  
  33  2:49  Overlord  
  34  2:53  Zergling x2  
  34  2:55  Drone  
  34  2:56  Drone  
  37  3:02  Overlord  
  37  3:08  Drone x2  
  37  3:09  Drone  
  37  3:12  Overlord  
  40  3:18  Drone x2  
  42  3:21  Queen  
  42  3:24  Extractor  
  42  3:25  Drone  
  42  3:26  Extractor  
  43  3:32  Zergling x2  
  44  3:36  Drone  
  44  3:37  Drone x3  
  48  3:49  Drone x4  
  48  4:04  Zergling x12  
  51  4:19  Drone x4  
  51  4:20  Drone  
  51  4:21  Drone x3  
  55  4:31  Drone x2  
  55  4:32  Drone  
  58  4:42  Metabolic Boost, Lair  
  58  4:48  Drone x3  
  58  4:49  Drone  
  62  4:56  Drone x3  
  62  4:58  Overlord  
  65  5:12  Roach Warren  
  65  5:14  Drone x4, Extractor x2  
  66  5:15  Overlord  
  66  5:16  Overlord  
  66  5:17  Drone  
  66  5:18  Drone  
  68  5:26  Drone x3  
  68  5:27  Overlord x2  
  70  5:41  Drone x3, Spire  
  70  5:42  Drone x3  
  75  5:53  Evolution Chamber  
  75  5:54  Evolution Chamber  
  72  5:57  Overlord x2  
  72  6:01  Overlord, Extractor  
  72  6:02  Extractor  
  70  6:05  Drone x2  
  70  6:06  Drone x5  
  70  6:09  Queen  
  79  6:14  Overlord, Queen  
  79  6:15  Overlord  
  81  6:30  Drone  
  81  6:31  Drone  
  82  6:44  Hatchery, Zerg Ground Armor Level 1, Zerg Melee Weapons Level 1  
  81  6:50  Zergling x2  
  81  6:51  Zergling x22  
  93  6:55  Zerg Flyer Weapons Level 1  
  93  6:58  Mutalisk x4  
  101  7:02  Spore Crawler  
  101  7:07  Spore Crawler  
  101  7:08  Spore Crawler  
  98  7:10  Drone x2  
  98  7:11  Drone x2  
  98  7:13  Spore Crawler  
  100  7:25  Corruptor x3  
  100  7:26  Corruptor  
  108  7:36  Spore Crawler  
  107  7:38  Infestation Pit  
  107  7:41  Drone, Hydralisk Den  
  106  8:06  Overlord x2  
  106  8:07  Drone x3  
  106  8:08  Drone  
  106  8:09  Drone x10, Queen  
  122  8:18  Hive  
  122  8:25  Spore Crawler  
  122  8:26  Drone x2  
  123  8:27  Spore Crawler  
  123  8:30  Muscular Augments  
  122  8:35  Hydralisk x7  
  122  8:36  Hydralisk  
  122  8:38  Zerg Missile Weapons Level 1  
  138  8:46  Extractor  
  138  8:47  Extractor  
  136  8:58  Overlord x3  
  136  9:04  Spine Crawler  
  136  9:05  Overlord x3, Spine Crawler  
  136  9:06  Overlord x2  
  136  9:07  Pneumatized Carapace  
  134  9:13  Zerg Melee Weapons Level 2  
  134  9:15  Overlord x3  
  134  9:16  Overlord  
  133  9:33  Hydralisk x6  
  133  9:34  Hydralisk x4  
  133  9:35  Hydralisk  
  155  9:41  Lurker Den  
  154  9:59  Drone  
  156  10:00  Drone x3  
  156  10:06  Drone x2  
  156  10:07  Drone x4, Spore Crawler  
  161  10:10  Drone x4  
  161  10:11  Drone  
  161  10:12  Spore Crawler  
  166  10:15  Spore Crawler  
  166  10:17  Spine Crawler  
  166  10:18  Spore Crawler  
  163  10:25  Spine Crawler  
  163  10:26  Spine Crawler  
  161  10:33  Hatchery, Greater Spire  
  160  10:38  Ultralisk Cavern  
  158  10:44  Spire  
  158  10:47  Hydralisk  
  159  10:56  Pathogen Glands  
  159  10:57  Burrow  
  159  11:08  Adrenal Glands  
  159  11:11  Hydralisk  
  159  11:12  Hydralisk x7  
  159  11:13  Lurker  
  159  11:14  Lurker x5  
  159  11:15  Lurker  
  181  11:36  Corruptor x3  
  181  11:37  Corruptor x4  
  181  11:38  Corruptor x3  
  200  11:45  Zerg Flyer Armor Level 1  
  197  12:13  Spore Crawler  
  197  12:14  Spine Crawler  
  197  12:15  Spine Crawler  
  189  12:16  Spore Crawler, Spine Crawler  
  189  12:20  Brood Lord x3  
  187  12:38  Zergling x26  
  200  13:03  Zerg Ground Armor Level 2  
  200  13:04  Chitinous Plating, Zerg Melee Weapons Level 3  
  200  13:19  Hatchery  
  198  13:24  Extractor  
  198  13:26  Extractor  
  189  13:31  Drone x2  
  189  13:32  Drone x2  
  190  13:44  Brood Lord x4  
  195  13:52  Drone  
  195  13:53  Drone x2  
  198  14:15  Overseer x2  
  196  14:29  Overlord  
  196  14:40  Drone x3  
  199  14:56  Spine Crawler x4  
  199  14:58  Hatchery, Spore Crawler x2  
  155  15:31  Corruptor x14  
  155  15:32  Corruptor x14  
  189  15:40  Zerg Missile Weapons Level 2  
  163  15:46  Zergling x2  
  163  15:47  Zergling x32  
  166  16:07  Overseer x2  
  166  16:10  Brood Lord  
  166  16:11  Brood Lord x5  
  178  16:15  Greater Spire  
  172  16:21  Queen  
  170  16:31  Spine Crawler x2  
  163  16:32  Spine Crawler  
  159  17:10  Queen  
  159  17:11  Overlord x2  
  159  17:12  Spore Crawler  
  152  17:31  Corruptor x4  
  153  18:09  Extractor x2  
  151  18:13  Zergling x2  
  151  18:14  Zergling x22  
  163  18:26  Roach  
  163  18:27  Hydralisk x4, Roach x3  
  160  18:28  Roach x2  
  173  18:38  Hydralisk x5  
  139  19:09  Roach x2  
  139  19:10  Roach x6, Zergling x2  
  127  19:42  Roach x4  
  139  19:52  Spawning Pool  
  117  20:34  Roach x2  
  117  20:35  Roach x10  
  137  20:45  Drone  
  137  20:47  Drone  
  137  20:49  Queen  
  141  21:04  Lair  
  137  21:08  Roach x2  
  137  21:09  Roach x3  
  147  21:17  Drone  
  104  22:09  Zergling x2  
  104  22:10  Zergling x10  
  110  22:24  Roach x3  
  116  22:35  Hatchery  
  115  22:40  Roach x2  
  115  22:43  Hatchery  
Tags
 
Add a new tag
Caveats
  • Supply blocks, unpowered buildings, or Contaminate may cause inaccurate times.
  • Supply counts are checked every 10 seconds.